 Dungeon Sprint DCSS version 0.30-a0-585-g93115170b9 (webtiles) character file.

Game seed: 18237811111592036905

27142 mhtbhm the Ninja (level 13, -10/108 HPs)
             Began as a Spriggan Brigand on Jan 3, 2023.
             Was the Champion of Dithmenos.
             Killed by an exploding ball lightning (21 damage)
             ... in the Dungeon (Sprint I: "Red Sonja").
             The game lasted 00:23:31 (5363 turns).

mhtbhm the Ninja (Spriggan Brigand)                 Turns: 5363, Time: 00:23:32

Health: -10/108    AC:  9    Str: 15      XL:     13   Next: 2%
Magic:  21/25      EV: 32    Int:  8      God:    Dithmenos [******]
Gold:   1920       SH:  5    Dex: 20 (22) Spells: 12/12 levels left

rFire   + . .      SeeInvis +    a - +3 quick blade (elec)
rCold   + + .      Faith    .    (no shield)
rNeg    + + +      Spirit   .    b - +2 robe {rN+}
rPois   +          Reflect  +    (helmet restricted)
rElec   +          Harm     .    k - +0 cloak of Fygop {rPois rN+++ Str+8 Int-2}
rCorr   +          Rampage  .    (gloves unavailable)
Will    ++...      NoTele   +    (boots unavailable) Stlth
                                 j - amulet of reflection
HPRegen 0.38/turn                h - ring of positive energy
MPRegen 0.19/turn                g - +4 ring of protection

@: mighty, berserking, lethally poisoned (-10 -> -87), resistant, flying
(expiring), hasted and slowed, wreathed by umbra, unable to read, very quick
A: very small, no large weapons, unfitting armour, see invisible, speed 3, cold
resistance 1, deterioration 2, dopey 1, inability to read after injury 1,
devolution 1
a: Renounce Religion, Shadow Step, Shadow Form


You were in the Dungeon.
You worshipped Dithmenos.
Dithmenos was exalted by your worship.
You visited 1 branch You collected 6331 gold pieces.
You spent 4411 gold pieces at shops.

Inventory:

Hand Weapons
 a - a +3 quick blade of electrocution (weapon)
Missiles
 d - 8 poisoned darts
 e - 2 curare-tipped darts (quivered)
Armour
 b - a +2 robe of positive energy (worn)
 k - the +0 cloak of Fygop (worn) {rPois rN+++ Str+8 Int-2}
   (You bought it in a shop in the Dungeon)

   Str:       It affects your strength (+8).
   Int:       It affects your intelligence (-2).
   rPois:     It protects you from poison.
   rN:        It renders you almost immune to negative energy.
 o - the +2 cloak "Pedgh" {rF+ rCorr Int+2}
   (You bought it in a shop in the Dungeon)

   Int:       It affects your intelligence (+2).
   rF:        It protects you from fire.
   rCorr:     It protects you from acid and corrosion.
 z - an orb of mayhem
 A - an orb of light
Jewellery
 g - a +4 ring of protection (right hand)
 h - a ring of positive energy (left hand)
 j - an amulet of reflection (around neck)
 q - a ring of magical power
 v - an amulet of magic regeneration
Wands
 l - a wand of flame (32)
Scrolls
 u - a scroll of blinking
 w - 3 scrolls of identify
Potions
 f - 3 potions of curing
 i - 3 potions of magic
 m - a potion of resistance
 n - a potion of invisibility
 s - 2 potions of might
 t - a potion of heal wounds
Miscellaneous
 p - a lightning rod (4/4)
 x - a box of beasts
 y - a piece from Xom's chessboard (15/15)


   Skills:
 + Level 10.2 Fighting
 + Level 13.2 Short Blades
 + Level 10.8 Throwing
 + Level 16.7 Dodging
 O Level 27 Stealth
 + Level 5.6 Shields
 * Level 15.3 Invocations
 + Level 11.4 Evocations


You had 12 spell levels left.
You didn't know any spells.
Your spell library contained the following spells:

 Spells                   Type           Power      Damage    Failure   Level
 Kiss of Death            Conj/Necr      0%         2d5       41%         1
 Sting                    Tmut/Pois      0%         1d3       41%         1
 Blink                    Tloc           0%         N/A       54%         2
 Momentum Strike          Conj/Tloc      0%         3d8       54%         2
 Static Discharge         Conj/Air       0%         2-2/arc   54%         2
 Confusing Touch          Hex            0%         N/A       78%         3
 Gell's Gravitas          Tloc           0%         N/A       78%         3
 Lesser Beckoning         Tloc           0%         N/A       78%         3
 Ozocubu's Armour         Ice            0%         N/A       78%         3
 Vhi's Electric Charge    Tloc/Air       0%         N/A       78%         3
 Dispel Undead            Necr           0%         3d6       99%         4
 Ice Form                 Ice/Tmut       0%         N/A       99%         4
 Summon Ice Beast         Ice/Summ       0%         N/A       99%         4
 Arcjolt                  Conj/Air       0%         1d10      100%        5
 Lightning Bolt           Conj/Air       0%         1d11      100%        5


Dungeon Overview and Level Annotations

Branches:
Dungeon (1/1)

Altars:
Cheibriados
Dithmenos
Elyvilon
Fedhas
Gozag
Hepliaklqana
Kikubaaqudgha
Makhleb
Nemelex Xobeh
Okawaru
Qazlal
Ru
Sif Muna
Trog
Uskayaw
Vehumet
Wu Jian
Xom
Yredelemnul
Zin
The Shining One
Jiyva
Lugonu

Shops:
D ([[([[(*[::?(=(([[[(:

Annotations:
D exclusion: oklob plant, Lom Lobon, Tiamat


Innate Abilities, Weirdness & Mutations

You are very small and have problems with some larger weapons.
You are too small for most types of armour.
You have supernaturally acute eyesight. (SInv)
You cover ground extremely quickly. (Speed+++)
Your flesh is cold resistant. (rC+)
Your body often deteriorates upon taking damage.
You are dopey. (Int -2)
You occasionally lose the ability to read scrolls when taking damage.
You have hidden genetic defects.


Message History

The blast of lightning engulfs the ball lightning.
The ball lightning completely resists.
The blast of lightning engulfs you! You resist.
The blast of lightning engulfs the ball lightning.
The ball lightning completely resists.
The ball lightning explodes!
The blast of lightning engulfs you. You resist.
The blast of lightning engulfs Lom Lobon.
Lom Lobon completely resists.
The blast of lightning engulfs the ball lightning.
The ball lightning completely resists.
You hit Lom Lobon.
Lom Lobon is almost dead.
Your shadow hits Lom Lobon but does no damage.
You are engulfed in dark miasma.
You feel very sick.
Lom Lobon gestures. 3 ball lightnings come into view.
You hit Lom Lobon.
Lom Lobon is almost dead.
You are engulfed in dark miasma.
You are more poisoned.
You feel yourself slow down.
You feel very sick.
You feel threatened and lose the ability to read scrolls!
* * * LOW HITPOINT WARNING * * *
The ball lightning explodes!
The blast of lightning engulfs Lom Lobon.
Lom Lobon completely resists.
The blast of lightning engulfs you! You resist.
* * * LOW HITPOINT WARNING * * *
Your body deteriorates!
You feel clumsy.
The ball lightning explodes!
The blast of lightning engulfs Lom Lobon.
Lom Lobon completely resists.
The blast of lightning engulfs you. You resist.
* * * LOW HITPOINT WARNING * * *
The blast of lightning engulfs the ball lightning.
The ball lightning completely resists.
The ball lightning explodes!
The blast of lightning engulfs you!! You resist.
You die...

###.#..'...°..####'#.##'##.......
.§#.#####.°°###....#.#~~~##......
.#'.#...#####...####.#~~~~##...))
~####))...)...###°^..#~~~~~######
~##.)[....#####§§°§####~~~~#~~~~~
###))..).##°§§§§°○§#..#'~~~'~~.~°
# #..)..##.°§°○°○°§#..)##~~#~~~~°
###.....#..§§○°○○°°#....######'##
∩######## #○○&@○§#....#~~≈≈≈≈≈≈
###≈≈≈≈≈≈≈≈d#○○°*°°#######~~~~≈≈≈
# ###########§○§○°°+).#.['..)~§~~
#..0..+^..°°○○§°°#.)').#.......
###############################


You could see Lom Lobon (vortex) and a ball lightning (wandering).

Vanquished Creatures
  the Lernaean hydra (D)
  A golden dragon (D)
  A deep elf master archer (D)
  A shadow dragon (D)
  4 fire giants (D)
  A lorocyproca (D)
  A deep elf annihilator (D)
  2 centaur warriors (D)
  A hydra (D)
  Sonja (D)
  A deep troll (D)
  A lindwurm (D)
  8 shining eyes (D)
  An oklob plant (D)
  2 merfolk sirens (D)
  4 demonic crawlers (D)
  2 gargoyles (D)
  7 unseen horrors (D)
  2 kobold demonologists (D)
  5 hornets (D)
  A hellwing (D)
  A slime creature (D)
  A yak (D)
  Sigmund (D)
  11 hogs (D)
  2 redbacks (D)
  7 floating eyes (D)
  An ogre (D)
  7 necrophages (D)
  8 jellies (D)
  Ijyb (D)
  A ballistomycete spore (D)
89 creatures vanquished.

Vanquished Creatures (others)
  2 hogs (D)
  5 ball lightnings (D)
  A ballistomycete spore (D)
8 creatures vanquished.

Grand Total: 97 creatures vanquished

Notes
Turn   | Place    | Note
-------+----------+-------------------------------------------
     0 | D        | mhtbhm the Spriggan Brigand began the quest for the Orb.
     0 | D        | Reached XP level 1. HP: 10/10 MP: 2/2
     1 | D        | Noticed Ijyb
    11 | D        | Killed Ijyb
    12 | D        | Reached skill level 9 in Stealth
    12 | D        | Reached XP level 2. HP: 4/15 MP: 3/3
    66 | D        | Noticed an ogre
    81 | D        | Killed an ogre
    82 | D        | Reached skill level 12 in Stealth
    82 | D        | Reached XP level 3. HP: 19/19 MP: 4/4
    82 | D        | Reached XP level 4. HP: 23/23 MP: 5/5
   110 | D        | Noticed Sigmund
   121 | D        | Killed Sigmund
   122 | D        | Reached skill level 5 in Throwing
   122 | D        | Reached skill level 15 in Stealth
   122 | D        | Reached XP level 5. HP: 24/28 MP: 6/6
   152 | D        | Found a shimmering blue altar of Sif Muna.
   153 | D        | Found an ornate altar of the Wu Jian Council.
   154 | D        | Found a radiant altar of Vehumet.
   159 | D        | Reached skill level 16 in Stealth
   159 | D        | Reached XP level 6. HP: 32/32 MP: 7/7
   191 | D        | Found Aciered's Weapon Emporium.
   191 | D        | Found an ancient bone altar of Kikubaaqudgha.
   191 | D        | Found a hazy altar of Hepliaklqana.
   191 | D        | Found a stormy altar of Qazlal.
   191 | D        | Found a hide-covered altar of Uskayaw.
   191 | D        | Found a blossoming altar of Fedhas.
   191 | D        | Found a bloodstained altar of Trog.
   191 | D        | Found an iron altar of Okawaru.
   191 | D        | Found a basalt altar of Yredelemnul.
   191 | D        | Found a glowing golden altar of the Shining One.
   191 | D        | Found a snail-covered altar of Cheibriados.
   191 | D        | Found a sacrificial altar of Ru.
   191 | D        | Found a glowing silver altar of Zin.
   191 | D        | Found a shadowy altar of Dithmenos.
   191 | D        | Found a white marble altar of Elyvilon.
   191 | D        | Noticed a yak
   192 | D        | Found an opulent altar of Gozag.
   193 | D        | Killed a yak
   194 | D        | Reached skill level 5 in Short Blades
   194 | D        | Reached skill level 17 in Stealth
   194 | D        | Found a sparkling altar of Nemelex Xobeh.
   202 | D        | Became a worshipper of Dithmenos the Shadowed
   216 | D        | Noticed Sonja
   223 | D        | Killed Sonja
   224 | D        | Reached skill level 20 in Stealth
   224 | D        | Reached XP level 7. HP: 16/38 MP: 7/11
   426 | D        | Found Nish's Weapon Boutique.
   555 | D        | Noticed a deep troll
   559 | D        | Killed a deep troll
   560 | D        | Reached skill level 21 in Stealth
   560 | D        | Reached skill level 5 in Invocations
   560 | D        | Reached XP level 8. HP: 42/42 MP: 12/12
   569 | D        | Found Poahunt's Armour Emporium.
   574 | D        | Bought the +0 cloak of Fygop {rPois rN+++ Str+8 Int-2} for
                  | 640 gold pieces
   620 | D        | Found a burning altar of Makhleb.
   620 | D        | Found a viscous altar of Jiyva.
   620 | D        | Found a shimmering altar of Xom.
   620 | D        | Found a corrupted altar of Lugonu.
   620 | D        | Noticed a slime creature
   623 | D        | Killed a slime creature
   623 | D        | Reached * piety under Dithmenos
   637 | D        | Noticed a kobold demonologist
   638 | D        | Noticed a kobold demonologist
   642 | D        | Killed a kobold demonologist
   643 | D        | Reached skill level 5 in Dodging
   643 | D        | Reached skill level 22 in Stealth
   643 | D        | Reached XP level 9. HP: 46/46 MP: 14/14
   645 | D        | Noticed a red devil
   654 | D        | Killed a kobold demonologist
   654 | D        | Reached ** piety under Dithmenos
   655 | D        | Reached skill level 5 in Fighting
   780 | D        | Noticed a centaur warrior
   780 | D        | Noticed a centaur warrior
   808 | D        | Killed a centaur warrior
   809 | D        | Reached skill level 23 in Stealth
   813 | D        | Killed a centaur warrior
   814 | D        | Reached skill level 5 in Evocations
   952 | D        | Reached skill level 24 in Stealth
   962 | D        | Noticed an oklob plant
   964 | D        | Killed an oklob plant
   964 | D        | Reached *** piety under Dithmenos
   965 | D        | Reached XP level 10. HP: 53/53 MP: 17/17
   999 | D        | Reached **** piety under Dithmenos
  1016 | D        | Reached skill level 25 in Stealth
  1213 | D        | Reached ***** piety under Dithmenos
  1247 | D        | Reached ****** piety under Dithmenos
  1249 | D        | Identified the +3 chain mail "Guithrojo" {rF+ Str-5 Dex+4}
  1270 | D        | Found Bamp's Distillery.
  1270 | D        | Found Xuowkan's Weapon Shop.
  1270 | D        | Found Oclewk's Assorted Antiques.
  1272 | D        | Found Wenohan's Armour Emporium.
  1272 | D        | Found Ykhu's Book Shop.
  1272 | D        | Found Binokax's Book Shoppe.
  1272 | D        | Found Gotonlol's Magic Scroll Boutique.
  1272 | D        | Found Huxuono's Antique Weapon Emporium.
  1272 | D        | Found Mankim's Jewellery Shop.
  1272 | D        | Found Raqudurgh's Weapon Shoppe.
  1308 | D        | Found Useg's Antique Weapon Boutique.
  1311 | D        | Found Ucetumm's Antique Armour Emporium.
  1311 | D        | Found Vealo's Antique Armour Boutique.
  1312 | D        | Found Naifio's Weapon Emporium.
  1324 | D        | Bought an embroidered scarf for 208 gold pieces
  1333 | D        | Bought an amulet of reflection for 420 gold pieces
  1419 | D        | Noticed a demonic crawler
  1419 | D        | Noticed a demonic crawler
  1419 | D        | Noticed a demonic crawler
  1419 | D        | Noticed a demonic crawler
  1421 | D        | Killed a demonic crawler
  1422 | D        | Killed a demonic crawler
  1423 | D        | Reached skill level 26 in Stealth
  1424 | D        | Killed a demonic crawler
  1425 | D        | Killed a demonic crawler
  1438 | D        | Noticed a gargoyle
  1441 | D        | Killed a gargoyle
  1442 | D        | Reached skill level 10 in Invocations
  1466 | D        | Noticed a lindwurm
  1470 | D        | Killed a lindwurm
  1471 | D        | Reached skill level 27 in Stealth
  1480 | D        | Reached XP level 11. HP: 58/58 MP: 18/20
  1488 | D        | Reached skill level 10 in Short Blades
  1720 | D        | Noticed a 12-headed hydra
  1722 | D        | Killed a 12-headed hydra
  1822 | D        | Bought a +2 dagger of venom for 201 gold pieces
  1902 | D        | Noticed a daeva
  1934 | D        | Reached skill level 1 in Shields
  2127 | D        | Reached skill level 10 in Dodging
  2615 | D        | Bought the +2 cloak "Pedgh" {rF+ rCorr Int+2} for 383 gold
                  | pieces
  2757 | D        | Noticed a shadow dragon
  2757 | D        | Noticed a golden dragon
  2759 | D        | Killed a shadow dragon
  2760 | D        | Killed a golden dragon
  2761 | D        | Reached skill level 10 in Throwing
  2831 | D        | Found Pobro's Book Shoppe.
  2895 | D        | Noticed a deep elf annihilator
  2897 | D        | Noticed an oklob plant
  2897 | D        | Noticed a mummy priest
  2898 | D        | Killed a deep elf annihilator
  2993 | D        | Reached XP level 12. HP: 56/65 MP: 14/23
  3033 | D        | Noticed the 27-headed Lernaean hydra
  3035 | D        | Killed the 27-headed Lernaean hydra
  3201 | D        | Bought a potion of berserk rage for 55 gold pieces
  3201 | D        | Bought a potion of curing for 33 gold pieces
  3201 | D        | Bought a potion of might for 44 gold pieces
  3201 | D        | Bought a potion of resistance for 110 gold pieces
  3201 | D        | Bought a potion of might for 44 gold pieces
  3201 | D        | Bought a potion of resistance for 110 gold pieces
  3201 | D        | Bought a potion of curing for 33 gold pieces
  3201 | D        | Bought a potion of berserk rage for 55 gold pieces
  3201 | D        | Bought a potion of heal wounds for 55 gold pieces
  3201 | D        | Bought a potion of might for 44 gold pieces
  3202 | D        | Bought a scroll of blinking for 187 gold pieces
  3202 | D        | Bought a thin garnet amulet for 125 gold pieces
  3202 | D        | Bought a scroll labelled DULUGGICUY for 25 gold pieces
  3206 | D        | Bought a scroll of acquirement for 676 gold pieces
  3206 | D        | Acquired a +1 quick blade of freezing
  3460 | D        | Noticed a fire giant
  3461 | D        | Noticed a fire giant
  3461 | D        | Noticed a fire giant
  3461 | D        | Noticed a fire giant
  3462 | D        | Killed a fire giant
  3464 | D        | Killed a fire giant
  3465 | D        | Reached skill level 10 in Evocations
  3466 | D        | Killed a fire giant
  3469 | D        | Killed a fire giant
  3470 | D        | Reached skill level 15 in Dodging
  3492 | D        | Found the +4 dragonskin cloak
  3492 | D        | Noticed Tiamat
  3612 | D        | Noticed a deep elf master archer
  3670 | D        | Identified the +3 leather armour of the Kettle-Drum {Fly
                  | Str-4 Dex+5 Slay-4}
  4276 | D        | Killed a deep elf master archer
  4306 | D        | Identified the +1 leather armour "Refass" {Str+10}
  4308 | D        | Got Cunuyja's Papyrus of Twisted Configuration
  4312 | D        | Got Sif Muna's Codex of the Tundra
  4313 | D        | Identified the +5 battleaxe of Lugonu's Hope {distort,
                  | Contam rN+ Str+3 SInv}
  4318 | D        | Identified the +8 spear of Blood-Lust {elec, rCorr Str+9}
  4608 | D        | Bought a scroll of blinking for 97 gold pieces
  4608 | D        | Bought a scroll of enchant weapon for 97 gold pieces
  4608 | D        | Bought a scroll of enchant weapon for 97 gold pieces
  4692 | D        | Noticed a lorocyproca
  4696 | D        | Killed a lorocyproca
  4697 | D        | Reached skill level 5 in Shields
  4900 | D        | Gained mutation: You are weak. (Str -2) [a shining eye]
  4904 | D        | Reached skill level 15 in Invocations
  4907 | D        | Gained mutation: Your body sometimes deteriorates upon
                  | taking damage. [a shining eye]
  4909 | D        | Reached skill level 10 in Fighting
  4917 | D        | Gained mutation: Your flesh is cold resistant. (rC+) [a
                  | shining eye]
  4918 | D        | Gained mutation: You are dopey. (Int -2) [a shining eye]
  4923 | D        | Gained mutation: Your body often deteriorates upon taking
                  | damage. [a shining eye]
  4926 | D        | Gained mutation: You occasionally lose the ability to read
                  | scrolls when taking damage. [a shining eye]
  4937 | D        | Reached XP level 13. HP: 72/72 MP: 18/25
  4938 | D        | Gained mutation: You have hidden genetic defects. [a
                  | shining eye]
  4940 | D        | Lost mutation: You are weak. (Str -2) [a shining eye]
  4947 | D        | Found Kixosi Arpha's Armour Shoppe.
  4947 | D        | Found Qowelole's Antique Armour Shop.
  4947 | D        | Found Imais's Antique Armour Emporium.
  4947 | D        | Found Noqoi's Antique Armour Boutique.
  4966 | D        | Bought a runed orb for 360 gold pieces
  4973 | D        | Bought a shiny orb for 312 gold pieces
  5353 | D        | Noticed Lom Lobon
  5363 | D        | Killed by an exploding ball lightning

Illustrated notes

Levels and vault maps discovered:
D:        dungeon_sprint_1 [red_sonja_temple_1, red_sonja_temple_small_1]

Skill      XL: |  1  2  3  4  5  6  7  8  9 10 11 12 |
---------------+-------------------------------------+-----
Fighting       | 2 3 4 5 6 8 10 | 10.2
Short Blades   | 3 4 6 7 8 9 11 13 | 13.2
Stealth        | 9 12 15 16 20 21 22 24 27 | 27.0
Throwing       | 3 5 7 8 9 10 | 10.8
Dodging        | 2 3 4 5 7 8 12 16 | 16.7
Invocations    | 4 5 6 8 10 13 15 | 15.3
Evocations     | 2 3 5 6 9 11 | 11.4
Shields        | 3 5 |  5.6

Action                   |  1- 3 |  4- 6 |  7- 9 | 10-12 | 13-15 || total
-------------------------+-------+-------+-------+-------+-------++-------
Melee: Dagger            |     4 |    11 |    29 |   142 |       ||   186
       Short sword       |       |       |       |    21 |       ||    21
       Punch             |       |       |       |     6 |     1 ||     7
       Quick blade       |       |       |       |    44 |    22 ||    66
Throw: Dart              |     8 |     2 |     3 |     5 |       ||    18
Invok: Shadow Step       |       |       |       |    12 |     1 ||    13
Evoke: Wand              |       |     4 |     8 |    12 |       ||    24
  Use: Potion            |     1 |     1 |     6 |     4 |     4 ||    16
       Scroll            |       |     1 |       |    10 |       ||    11
 Stab: Sleeping          |       |     2 |     7 |    49 |     1 ||    59
       Distracted        |       |       |       |     1 |       ||     1
       Confused          |       |       |       |     1 |       ||     1
Armor: Robe              |       |     1 |    14 |    11 |     2 ||    28
       Skin              |       |       |       |    18 |       ||    18
Dodge: Dodged            |     1 |     7 |    33 |   117 |     9 ||   167
Block: Other             |       |       |       |    21 |     1 ||    22
       Reflection        |       |       |       |     1 |       ||     1

Table legend: (Time is in decaauts)
 A = Elapsed time spent in this place.
 B = Non-inter-level travel time spent in this place.
 C = Inter-level travel time spent in this place.
 D = Time resting spent in this place.
 E = Time spent auto-exploring this place.
 F = Levels seen in this place.
 G = Mean time per level.
                   A        B        C        D        E       F      G
               +--------+--------+--------+--------+--------+-----+--------+
         Total |   4360 |   4276 |     84 |   2238 |      0 |   1 | 4360.0 |
       Dungeon |   4360 |   4276 |     84 |   2238 |      0 |   1 | 4360.0 |
               +--------+--------+--------+--------+--------+-----+--------+

Top non-repeatable levels by time:
       D: 4360 daAuts
